AoeStats
← thdung17

Arabia

509311622Analyzed
1v1 RM · 7d ago on Sep 26, 2026· 55m 46s· 2 players
Game mode
Random Map
Map size
Tiny (2 player)
Population
200
Speed
Normal
Resources
Standard
Victory
Conquest
Starting age
Dark Age
Ending age
Imperial Age
RankedLock teamsTeams togetherTeam positionsShared explorationLock speedFull tech treeHidden civsTurbo modeCheats
Victory
Defeat
🇻🇳 Vietnamese · Vietnam
1082
+16
🇪🇸 Portuguese · Spain
1080
-16
Narue
7:55 Loom
10:02 Feudal Age
10:23 Man-at-Arms
11:42 Wheelbarrow
19:10 Castle Age
22:12 Elite Skirmisher
24:15 Double-Bit Axe
45:10 Imperial Age
46:50 Masonry
49:17 Light Cavalry
50:08 Bloodlines
51:36 Scale Barding Armor
51:43 Forging
53:47 Chain Barding Armor
thdung17
5:26 Loom
10:20 Feudal Age
11:06 Double-Bit Axe
11:02 Horse Collar
18:51 Fletching
25:03 Castle Age
23:30 Padded Archer Armor
23:33 Gold Mining
24:19 Bloodlines
25:08 Scale Barding Armor
25:14 Forging
26:17 Bow Saw
26:08 Heavy Plow
25:46 Crossbowman
28:11 Elite Skirmisher
33:58 Bodkin Arrow
36:39 Leather Archer Armor
36:46 Chain Barding Armor
36:36 Light Cavalry
41:49 Imperial Age
39:57 Iron Casting
40:49 Thumb Ring
41:30 Husbandry
41:34 Scale Mail Armor
43:39 Two-Man Saw
43:10 Crop Rotation
44:25 Wheelbarrow
43:26 Imperial Skirmisher
45:09 Hand Cart
46:08 Paper Money
45:25 Pikeman
46:05 Squires
46:09 Bracer
48:38 Elite Rattan Archer
51:02 Chemistry
50:23 Ballistics
49:45 Treadmill Crane
50:52 Ring Archer Armor
50:57 Plate Barding Armor
50:43 Chatras
52:53 Elite Battle Elephant
54:15 Bombard Tower
Connection lost

Rejoining the realm…

Still unreachable

The connection could not be restored.

Session expired

The server has moved on; the page needs a fresh start.